 Dungeon Crawl Stone Soup version 0.28-a0-1382-g92835e5c71 (webtiles) character file.

Game seed: 6355341436930201806

40 fragbeetle the Cudgeller (level 3, -2/36 HPs)
             Began as a Troll Berserker on Jan 1, 2022.
             Was a Follower of Trog.
             Slain by a gnoll (4 damage)
             ... on level 2 of the Dungeon.
             The game lasted 00:02:37 (939 turns).

fragbeetle the Cudgeller (Troll Berserker)           Turns: 939, Time: 00:02:38

Health: -2/36      AC:  5    Str: 25    XL:     3   Next: 30%
Magic:  0/2        EV: 10    Int:  5    God:    Trog [*.....]
Gold:   61         SH:  0    Dex:  9    Spells: 2/2 levels left

rFire   . . .      SeeInvis .   i - +0 war axe (freeze)
rCold   . . .      Faith    .   (no shield)
rNeg    . . .      Spirit   +   b - +0 animal skin
rPois   .          Reflect  .   (helmet restricted)
rElec   .          Harm     .   c - +0 cloak
rCorr   .          Rampage  .   (gloves unavailable)
Will    .....                   (boots unavailable)
Stlth   +.........              j - amulet of guardian spirit
HPRegen 0.92/turn               (no ring)
MPRegen 0.08/turn               (no ring)

@: on berserk cooldown, slowed, very slow
A: large, unfitting armour, claws 3, regeneration 1, shaggy fur 1, tough skin 1
a: Renounce Religion, Berserk


You were on level 2 of the Dungeon.
You worshipped Trog.
Trog was aware of your devotion.
You visited 1 branch of the dungeon, and saw 2 of its levels.

You collected 61 gold pieces.

Inventory:

Hand Weapons
 a - a +0 mace
 i - a +0 war axe of freezing (weapon)
Missiles
 f - 26 poisoned darts (quivered)
 h - 40 stones
Armour
 b - a +0 animal skin (worn)
 c - a +0 cloak (worn)
Jewellery
 j - an amulet of guardian spirit (around neck)
Scrolls
 d - 2 scrolls of identify {unknown}
 k - a scroll of silence {unknown}
 l - a scroll of blinking {unknown}
Potions
 e - a potion of berserk rage {unknown}
 g - a potion of heal wounds {unknown}
 m - a potion of degeneration {unknown}


   Skills:
 + Level 2.7 Fighting
 + Level 0.5(1.9) Axes
 + Level 3.2 Maces & Flails
 + Level 2.8 Dodging


You had 2 spell levels left.
You didn't know any spells.
Your spell library was empty.

Dungeon Overview and Level Annotations

Branches:
Dungeon (2/15)

Altars:


Innate Abilities, Weirdness & Mutations

You are too large for most types of armour.
You have claws for hands.
Your natural rate of healing is unusually fast.
You are covered in fur. (AC +1)
You have tough skin. (AC +1)


Message History

You miss the quokka.
The quokka bites you but does no damage.
The quokka bites you.
You slash the quokka! You freeze the quokka.
You kill the quokka!
Trog accepts your kill.
You completely miss the gnoll. The gnoll barely misses you.
The gnoll throws a throwing net.
The throwing net hits you.
You become entangled in the net!
A red film seems to cover your vision as you go berserk!
You feel yourself moving faster!
You feel mighty! The gnoll hits you with a +0 whip.
The gnoll hits you from afar with a +0 spear.
The gnoll hits you with a +0 flail!
You struggle against the net.
You feel a strong urge to attack something.
The gnoll hits you with a +0 whip.
You struggle against the net.
The gnoll hits you from afar with a +0 spear.
The gnoll hits you with a +0 flail.
You struggle against the net.
You feel your anger nearly subside.
You are no longer berserk.
You are exhausted.
You feel yourself slow down. The gnoll hits you with a +0 whip.
The gnoll hits you but does no damage.
You struggle against the net.
The gnoll hits you but does no damage. The gnoll barely misses you.
The gnoll hits you with a +0 flail!
* * * LOW HITPOINT WARNING * * *
You shred the net and break free! The gnoll closely misses you.
The frilled lizard barely misses you. The gnoll hits you but does no damage.
The gnoll hits you with a +0 flail!
* * * LOW HITPOINT WARNING * * *
The gnoll closely misses you. The frilled lizard barely misses you.
The gnoll closely misses you. The gnoll completely misses you.
You barely miss the gnoll. You closely miss the frilled lizard.
You hit the gnoll. You freeze the gnoll. The gnoll hits you with a +0 whip.
* * * LOW HITPOINT WARNING * * *
The frilled lizard barely misses you.
The gnoll hits you from afar with a +0 spear.
You die...

.. . ## # .##..###### .##.
..#.........######
.....###.#..# #.......
###.........# #.......
.l.g.g..g...# ###...##..
########l#### #........†
#g@g# #.#....... #...#
#.#.....#. # #...#
#.#....... .##.#### #)..#
#.####..## ......#
#...######.# #..#
#.##.###..........####..#
#..................#....##
#...............[>...##...
##.................#.#####


You could see 3 gnolls and a frilled lizard.

Vanquished Creatures
  An adder (D:2)
  2 dart slugs (D:2)
  3 bats
  3 endoplasms
  2 goblins
  4 hobgoblins (D:1)
  4 kobolds
  A quokka (D:2)
  4 ball pythons
  A frilled lizard (D:2)
  A rat (D:1)
26 creatures vanquished.

Vanquished Creatures (others)
  2 fungi (D:2)
2 creatures vanquished.

Grand Total: 28 creatures vanquished

Notes
Turn   | Place    | Note
-------+----------+-------------------------------------------
     0 | D:1      | fragbeetle the Troll Berserker began the quest for the Orb.
     0 | D:1      | Reached XP level 1. HP: 22/22 MP: 0/0
   155 | D:1      | You fall into a shaft and drop 1 floor!
   159 | D:2      | Reached skill level 3 in Maces & Flails
   159 | D:2      | Reached XP level 2. HP: 29/29 MP: 1/1
   823 | D:2      | Reached XP level 3. HP: 36/36 MP: 2/2
   856 | D:2      | Found a faded altar of an unknown god.
   939 | D:2      | Slain by a gnoll

Illustrated notes

Levels and vault maps discovered:
D:1:      scummos_arrival_simple_crosswalls, layout_loops_ring,
          kennysheep_small_spiral, hangedman_decor_clover_reticule,
          chequers_serial_rivers_small_3
D:2:      layout_loops_cross, dreamdust_ecumenical_altar_hidden_monk_grotto,
          hangedman_decor_growths

Skill      XL: |  1 |
---------------+----+-----
Maces & Flails | 3 |  3.2
Fighting       | |  2.7
Axes           | |  0.5
Dodging        | |  2.8

Action                   || total
-------------------------++-------
Melee: Mace              ||    19
       War axe           ||    47
Invok: Berserk           ||     2
 Stab: Sleeping          ||     1
Armor: Animal skin       ||    33
Dodge: Dodged            ||    49

Table legend: (Time is in decaauts)
 A = Elapsed time spent in this place.
 B = Non-inter-level travel time spent in this place.
 C = Inter-level travel time spent in this place.
 D = Time resting spent in this place.
 E = Time spent auto-exploring this place.
 F = Levels seen in this place.
 G = Mean time per level.
                   A        B        C        D        E       F      G
               +--------+--------+--------+--------+--------+-----+--------+
         Total |    974 |    970 |      4 |      4 |    601 |   2 |  487.0 |
       Dungeon |    974 |    970 |      4 |      4 |    601 |   2 |  487.0 |
               +--------+--------+--------+--------+--------+-----+--------+

Top non-repeatable levels by time:
     D:1: 714 daAuts
     D:2: 260 daAuts
